 Dungeon Crawl Stone Soup version 0.29-a0-297-g7659ce593d (webtiles) character file.

Game seed: 9641892837186367807

3526 Ajdolov the Fighter (level 10, -5/177 HPs)
             Began as an Ogre Fire Elementalist on Mar 21, 2022.
             Was a Follower of Vehumet.
             Slain by a troll (10 damage)
             ... on level 7 of the Dungeon.
             The game lasted 00:16:29 (8462 turns).

Ajdolov the Fighter (Ogre Fire Elementalist)        Turns: 8462, Time: 00:16:29

Health: -5/177     AC: 25    Str: 14    XL:     10   Next: 8%
Magic:  4/25       EV:  1    Int: 20    God:    Vehumet [*.....]
Gold:   301        SH:  0    Dex: 15    Spells: 26/31 levels left

rFire   . . .      SeeInvis .   l - +3 sling "Punk" {acid, rCorr}
rCold   . . .      Faith    .   (no shield)
rNeg    . . .      Spirit   .   (body armour currently unavailable)
rPois   +          Reflect  .   (helmet currently unavailable)
rElec   .          Harm     .   (cloak currently unavailable)
rCorr   +          Rampage  .   (gloves unavailable)
Will    +....      NoTele   +   (boots unavailable)
Stlth   ++........              (no amulet)
HPRegen 0.39/turn               n - +6 ring of dexterity
MPRegen 0.19/turn               (no ring)

@: mighty, tree-form
A: stationary, stasis, torment immunity, boosted hp, large, unfitting armour,
(tough skin 1)
a: Renounce Religion


You were on level 7 of the Dungeon.
You worshipped Vehumet.
Vehumet was aware of your devotion.
You were a tree.
You visited 2 branches of the dungeon, and saw 8 of its levels.
You also visited: Ossuary.

You collected 457 gold pieces.
You spent 156 gold pieces at shops.

Inventory:

Hand Weapons
 k - a +0 dagger of venom
 l - the +3 sling "Punk" (weapon) {acid, rCorr}
   (You found it on level 2 of the Dungeon)

   Any ammunition fired from it is coated in acid, damaging and corroding those
   it strikes.
   rCorr:     It protects you from acid and corrosion.
 q - a +0 hand axe
Missiles
 C - a throwing net
 D - 5 curare-tipped darts
Armour
 a - a +0 robe (melded)
Jewellery
 n - a +6 ring of dexterity (left branch)
 B - a +6 ring of dexterity
Wands
 o - a wand of acid (12)
 t - a wand of flame (7)
 F - a wand of iceblast (8)
 G - a wand of polymorph (9)
Scrolls
 b - 3 scrolls of blinking
 c - 8 scrolls of identify {unknown}
 d - 3 scrolls of immolation {unknown}
 e - 2 scrolls of magic mapping {unknown}
 g - a scroll of fog {unknown}
 h - 3 scrolls of enchant weapon {unknown}
 i - 4 scrolls of teleportation {unknown}
 p - 2 scrolls of vulnerability {unknown}
 u - a scroll of summoning {unknown}
 w - a scroll of amnesia {unknown}
 y - 2 scrolls of noise {unknown}
 A - a scroll of enchant armour {unknown}
Potions
 f - a potion of degeneration {unknown}
 m - 2 potions of invisibility {unknown}
 v - 3 potions of lignification
 x - 3 potions of flight {unknown}
 z - 2 potions of brilliance {unknown}
 E - 2 potions of resistance {unknown}


   Skills:
 * Level 12.8 Fighting
 - Level 1.7 Dodging
 - Level 1.4 Stealth
 * Level 11.1 Spellcasting
 - Level 0.8 Conjurations
 - Level 2.6 Fire Magic


You had 26 spell levels left.
You knew the following spells:

 Your Spells              Type           Power      Damage    Failure   Level
a - Foxfire               Conj/Fire      72%        2x1d7     3%          1
b - Scorch                Fire           42%        2d7       3%          2
c - Poisonous Vapours     Pois/Air       22%        N/A       10%         2

Your spell library contained the following spells:

 Spells                   Type           Power      Damage    Failure   Level
 Shock                    Conj/Air       48%        1d6       5%          1
 Magic Dart               Conj           56%        1d5       4%          1
 Conjure Flame            Conj/Fire      18%        6-21      9%          3
 Call Imp                 Summ           11%        N/A       10%         2
 Corpse Rot               Necr/Air       22%        N/A       10%         2
 Inner Flame              Hex/Fire       16%        N/A       11%         3
 Mephitic Cloud           Conj/Pois/Air  12%        N/A       17%         3
 Tukima's Dance           Hex            11%        N/A       19%         3
 Flame Wave               Conj/Fire      18%        2d6       30%         4
 Anguish                  Hex/Necr       5%         N/A       52%         4
 Enfeeble                 Hex            5%         N/A       100%        7


Dungeon Overview and Level Annotations

Branches:
Dungeon (7/15)             Temple (1/1) D:6         Ossuary (visited)

Altars:
Elyvilon
Fedhas
Gozag
Kikubaaqudgha
Okawaru
Qazlal
Ru
Sif Muna
Trog
Vehumet
Wu Jian
Yredelemnul
Zin
The Shining One
Lugonu

Shops:
D:1 =:(   D:2 [

Annotations:
D:4 1 runed translucent door, Crazy Yiuf


Innate Abilities, Weirdness & Mutations

You are a tree.
Your roots penetrate the ground, keeping you stationary.
You cannot be teleported.
You are immune to unholy pain and torment.
Your maximum health is greatly increased.
Your equipment is partially melded.
You are too large for most types of armour.
((You have tough skin. (AC +1)))


Message History

The troll is moderately wounded.
The troll bites you but does no damage.
The troll claws you but does no damage. x2
Fire: l) +3 sling "Punk" {acid, rCorr}
Press: ? - help, Q - select action, (/) - cycle Shift-Dir - straight line, f/p - troll
Aim: a troll (moderately wounded, 64% to hit)
You shoot a sling bullet.
The sling bullet closely misses the troll.
The troll bites you but does no damage. The troll claws you but does no damage.
The troll claws you.
* * * LOW HITPOINT WARNING * * *
The troll bites you but does no damage. The troll claws you!
* * * LOW HITPOINT WARNING * * *
The troll claws you!
* * * LOW HITPOINT WARNING * * *
You feel better. The troll bites you!
* * * LOW HITPOINT WARNING * * *
The troll claws you.
* * * LOW HITPOINT WARNING * * *
The troll claws you but does no damage.
You cannot blink because you are held in place by your roots.
Fire: l) +3 sling "Punk" {acid, rCorr}
Press: ? - help, Q - select action, (/) - cycle Shift-Dir - straight line, f/p - troll
Aim: a troll (lightly wounded, 64% to hit)
You shoot a sling bullet.
The sling bullet barely misses the troll.
The troll bites you.
* * * LOW HITPOINT WARNING * * *
The troll claws you but does no damage. The troll claws you!
* * * LOW HITPOINT WARNING * * *
Fire: l) +3 sling "Punk" {acid, rCorr}
Press: ? - help, Q - select action, (/) - cycle Shift-Dir - straight line, f/p - troll
Aim: a troll (lightly wounded, 64% to hit)
You shoot a sling bullet. The sling bullet hits the troll.
The troll is splashed with acid.
The acid corrodes the troll!
The troll is moderately wounded.
The troll bites you.
* * * LOW HITPOINT WARNING * * *
The troll claws you but does no damage. x2; The troll bites you!
You die...

o#.... .#.... )...
).)## :. #...# ...
#.).#....
#########.#+#....
......T#).)......
#♣#........
.......##........
#########....)....#
##.....#'##.#####
##......#....#.....
#.......#..........
#.......#..........
#.......#..........
#.#.....#..........


You could see a troll (corroded).

Vanquished Creatures
  Pikel (D:4)
  Grinder (D:4)
  Prince Ribbit (D:5)
  A steam dragon (D:6)
  Edmund (D:4)
  Menkaure (Ossuary)
  2 water moccasins
  Duvessa (D:4)
  3 sky beasts
  2 orc warriors (D:7)
  2 centaurs
  4 lemures
  2 bullfrogs (D:6)
  5 scorpions
  Dowan (D:4)
  4 killer bees (D:7)
  A jelly (D:4)
  4 orc priests
  A gnoll shaman (D:7)
  2 iguanas
  6 orc wizards
  3 mummies (Ossuary)
  Robin (D:3)
  7 gnolls
  8 adders
  A white imp (D:5)
  2 ufetubi
  A worm (D:2)
  3 dart slugs
  22 orcs
  4 endoplasms
  9 giant cockroaches
  13 goblins
  10 hobgoblins
  5 quokkas
  7 ball pythons
  9 bats
  A gnoll skeleton (Ossuary)
  2 goblin skeletons (Ossuary)
  7 goblin zombies
  4 hobgoblin skeletons (Ossuary)
  8 hobgoblin zombies (Ossuary)
  3 kobolds
  8 kobold skeletons (Ossuary)
  A kobold zombie (Ossuary)
  3 orc skeletons (Ossuary)
  6 orc zombies (Ossuary)
  6 rats
  7 rat skeletons (Ossuary)
  5 rat zombies
212 creatures vanquished.

Vanquished Creatures (others)
  22 foxfires
22 creatures vanquished.

Grand Total: 234 creatures vanquished

Notes
Turn   | Place    | Note
-------+----------+-------------------------------------------
     0 | D:1      | Ajdolov the Ogre Fire Elementalist began the quest for the
                  | Orb.
     0 | D:1      | Reached XP level 1. HP: 16/16 MP: 3/3
   125 | D:1      | Reached skill level 1 in Fighting
   163 | D:1      | Found Rebireg's Antique Weapon Boutique.
   198 | D:1      | Found a faded altar of an unknown god.
   232 | D:1      | Reached XP level 2. HP: 27/27 MP: 3/5
   268 | D:1      | Learned a level 2 spell: Scorch
   607 | D:1      | Reached skill level 2 in Fighting
  1000 | D:1      | Found Awkec's Jewellery Shoppe.
  1004 | D:1      | Found Cech's Book Shoppe.
  1090 | D:1      | Bought a book of Vapours for 156 gold pieces
  1158 | D:2      | Reached XP level 3. HP: 27/35 MP: 0/7
  1190 | D:1      | HP: 1/35 [adder (4)]
  1687 | D:2      | Reached skill level 3 in Fighting
  1883 | D:2      | Reached XP level 4. HP: 45/45 MP: 4/9
  2351 | D:2      | Found Laremm's Antique Armour Shoppe.
  2444 | D:2      | Reached skill level 4 in Fighting
  2531 | D:2      | Reached XP level 5. HP: 54/54 MP: 8/11
  2905 | D:2      | Found the +3 sling "Punk" {acid, rCorr}
  3032 | D:3      | Found a glowing silver altar of Zin.
  3230 | D:3      | Noticed Robin
  3237 | D:3      | Killed Robin
  3675 | D:4      | Noticed Grinder
  3684 | D:4      | Killed Grinder
  3685 | D:4      | Reached skill level 5 in Fighting
  3685 | D:4      | Reached skill level 5 in Spellcasting
  3685 | D:4      | Reached XP level 6. HP: 56/67 MP: 12/14
  3743 | D:3      | Reached skill level 6 in Fighting
  3876 | D:4      | Reached XP level 7. HP: 75/75 MP: 10/15
  3976 | D:4      | Found a stormy altar of Qazlal.
  4021 | D:4      | Noticed Pikel
  4399 | D:4      | Noticed Duvessa
  4400 | D:4      | Noticed Dowan
  4412 | D:4      | Killed Duvessa
  4416 | D:4      | Killed Pikel
  4417 | D:4      | Reached skill level 8 in Fighting
  4417 | D:4      | Reached XP level 8. HP: 33/89 MP: 16/19
  4786 | D:4      | Found a runed translucent door.
  4787 | D:4      | Noticed Crazy Yiuf
  5062 | D:5      | Entered Level 5 of the Dungeon
  5062 | D:5      | Noticed Edmund
  5071 | D:4      | Killed Edmund
  5072 | D:4      | Reached skill level 9 in Fighting
  5077 | D:4      | Killed Dowan
  5347 | D:5      | Noticed Prince Ribbit
  5354 | D:5      | Killed Prince Ribbit
  5570 | D:5      | Found a sand-covered staircase.
  5582 | Ossuary  | Entered an ossuary
  5806 | Ossuary  | Reached skill level 10 in Fighting
  5810 | Ossuary  | Noticed Menkaure
  5813 | Ossuary  | Killed Menkaure
  5814 | Ossuary  | Reached XP level 9. HP: 101/101 MP: 20/22
  5932 | D:5      | Found an iron altar of Okawaru.
  5941 | D:5      | Identified the +4 mace of Blood-Lust {holy, rPois rN+}
  6290 | D:5      | Found a bloodstained altar of Trog.
  6684 | D:6      | Reached skill level 11 in Fighting
  6716 | D:6      | Found an opulent altar of Gozag.
  6849 | D:6      | Found a staircase to the Ecumenical Temple.
  6862 | Temple   | Entered the Ecumenical Temple
  6874 | Temple   | Became a worshipper of Vehumet
  6888 | Temple   | Learned a level 2 spell: Poisonous Vapours
  6906 | D:6      | Reached skill level 10 in Spellcasting
  7094 | D:6      | Found an ancient bone altar of Kikubaaqudgha.
  7266 | D:6      | Found a blossoming altar of Fedhas.
  8201 | D:7      | Reached skill level 12 in Fighting
  8425 | D:7      | Reached * piety under Vehumet
  8425 | D:7      | Offered knowledge of Shock by Vehumet.
  8433 | D:7      | HP: 3/160 [something (6)]
  8439 | D:7      | Reached XP level 10. HP: 16/117 MP: 12/25
  8450 | D:7      | HP: 7/177 [troll (2)]
  8461 | D:7      | HP: 8/177 [troll (9)]
  8462 | D:7      | Slain by a troll

Illustrated notes

Levels and vault maps discovered:
D:1:      lemuel_arrival_broad_hall, layout_basic,
          hellmonk_ecumenical_altar_lost_god, serial_shops, shop_fountains,
          shop_coins, nicolae_shop_advertising_works
          [nicolae_subvault_shop_adworks]
D:2:      minmay_roachtagon, layout_loops_ring, serial_shops, shop_fountains,
          kennysheep_small_spiral
D:3:      layout_loops_cross, lemuel_crystal_altar, uniq_robin
D:4:      layout_rooms, grunt_qazlal_clouds, uniq_crazy_yiuf_cottage,
          uniq_pikel, uniq_grinder, uniq_duvessa
D:5:      layout_cave_pools, mainiacjoe_overflow_cross_hatched,
          okawaru_ov_weapons_minmay, enter_ossuary_4, kennysheep_generic_room_9,
          uniq_edmund, uniq_prince_ribbit1
D:6:      layout_layer_cave, nicolae_gozag_seed_capital,
          fedhas_bush_and_centaur_altar, overflow_temple_1_default,
          minmay_temple_entry_statues_fountains
D:7:      minmay_the_grid_octo_tiled_squarecenter [minmay_the_grid_octo_teeth,
          minmay_the_grid_octo_clover_2, minmay_the_grid_octo_toaster,
          minmay_the_grid_octo_horde,
          minmay_the_grid_square_5x5_megaprize_diamond,
          minmay_the_grid_square_5x5_shrine2,
          minmay_the_grid_square_5x5_minimal, minmay_the_grid_square_5x5_fat_x,
          minmay_the_grid_square_5x5_inner_v], layout_gridville,
          makhleb_altar_promises_db, nemelex_spade_bored_becter, minmay_circle_x
Temple:   corrupted_temple

Skill      XL: |  1  2  3  4  5  6  7  8  9 |
---------------+----------------------------+-----
Fighting       | 1 2 3 4 5 6 8 10 12 | 12.8
Spellcasting   | 3 4 5 7 9 11 | 11.1
Dodging        | |  1.7
Stealth        | |  1.4
Conjurations   | |  0.8
Fire Magic     | |  2.6

Action                   |  1- 3 |  4- 6 |  7- 9 | 10-12 || total
-------------------------+-------+-------+-------+-------++-------
Melee: Unarmed           |     3 |       |       |       ||     3
       Dagger            |     9 |       |       |       ||     9
       Fustibalus        |       |       |     1 |       ||     1
 Fire: Fustibalus        |       |    54 |   244 |    11 ||   309
 Cast: Foxfire           |    12 |       |     2 |       ||    14
       Scorch            |    32 |    29 |    15 |     6 ||    82
       Poisonous Vapours |       |       |     4 |       ||     4
  Use: Potion            |     1 |       |     2 |     5 ||     8
       Scroll            |       |       |       |     1 ||     1
Armor: Robe              |    41 |     7 |    24 |       ||    72
       Skin              |       |       |    19 |    42 ||    61
Dodge: Dodged            |    45 |    25 |    85 |     2 ||   157

Table legend: (Time is in decaauts)
 A = Elapsed time spent in this place.
 B = Non-inter-level travel time spent in this place.
 C = Inter-level travel time spent in this place.
 D = Time resting spent in this place.
 E = Time spent auto-exploring this place.
 F = Levels seen in this place.
 G = Mean time per level.
                   A        B        C        D        E       F      G
               +--------+--------+--------+--------+--------+-----+--------+
         Total |   8651 |   8350 |    301 |   1519 |   5339 |   9 |  961.2 |
       Dungeon |   8246 |   7945 |    301 |   1519 |   5265 |   7 | 1178.0 |
        Temple |     32 |     32 |      0 |      0 |      5 |   1 |   32.0 |
       Ossuary |    372 |    372 |      0 |      0 |     69 |   1 |  372.0 |
               +--------+--------+--------+--------+--------+-----+--------+

Top non-repeatable levels by time:
     D:1: 1536 daAuts
     D:2: 1445 daAuts
     D:4: 1408 daAuts
     D:6: 1404 daAuts
     D:3: 1003 daAuts
     D:5: 907 daAuts
     D:7: 541 daAuts
 Ossuary: 372 daAuts
  Temple: 32 daAuts
